 Dungeon Crawl Stone Soup version 0.30-a0-596-g0af90f9a20 (webtiles) character file.

Game seed: 5514483020846697177

29 Persephone the Trooper (level 3, 0/31 HPs)
             Began as a Ghoul Berserker on Jan 6, 2023.
             Was a Follower of Trog.
             Slain by a kobold
             ... wielding a +0 short sword
              (2 damage)
             ... on level 2 of the Dungeon.
             The game lasted 00:03:26 (1296 turns).

Persephone the Trooper (Ghoul Berserker)            Turns: 1296, Time: 00:03:26

Health: 0/31       AC:  3    Str: 21    XL:     3   Next: 16%
Magic:  2/2        EV: 11    Int:  3    God:    Trog [*.....]
Gold:   84         SH:  0    Dex:  8    Spells: 2/2 levels left

rFire   . . .      SeeInvis .    c - +0 whip (freeze)
rCold   + . .      Faith    .    (no shield)
rNeg    + + +      Spirit   .    d - +0 leather armour
rPois   ∞          Reflect  .    (no helmet)
rElec   .          Harm     .    (no cloak)
rCorr   .          Rampage  .    (no gloves)
Will    .....                    (no boots)
Stlth   +                        (no amulet)
HPRegen 0.00/turn                (no ring)
MPRegen 0.08/turn                (no ring)

@: inhibited regen
A: claws 1, cold resistance 1, negative energy resistance 3, inhibited
regeneration, torment resistance 2, devour on kill
a: Renounce Religion


You were on level 2 of the Dungeon.
You worshipped Trog.
Trog was aware of your devotion.
You visited 1 branch of the dungeon, and saw 2 of its levels.

You collected 84 gold pieces.

Inventory:

Hand Weapons
 c - a +0 whip of freezing (weapon)
Armour
 b - a +0 animal skin
 d - a +0 leather armour (worn)
Scrolls
 f - a scroll of identify {unknown}
Potions
 a - a potion of heal wounds {unknown}
 e - 2 potions of curing {unknown}


   Skills:
 + Level 3.6 Fighting
 - Level 2.6 Long Blades
 + Level 1.0 Maces & Flails
 + Level 2.2 Armour
 + Level 2.2 Dodging


You had 2 spell levels left.
You didn't know any spells.
Your spell library was empty.

Dungeon Overview and Level Annotations

Branches:
Dungeon (2/15)

Altars:


Innate Abilities, Weirdness & Mutations

You are immune to poison.
You have sharp fingernails.
Your flesh is cold resistant. (rC+)
You are immune to negative energy. (rN+++)
You do not regenerate when monsters are visible.
You are immune to unholy pain and torment.
You thrive by killing the living.


Message History

Okay, then.
The frilled lizard bites you but does no damage.
The frilled lizard completely misses you.
The frilled lizard bites you but does no damage.
The frilled lizard closely misses you. The kobold hits you but does no damage.
The frilled lizard misses you. The kobold barely misses you.
The frilled lizard completely misses you.
The kobold hits you with a +0 short sword.
The frilled lizard bites you. The kobold barely misses you.
The frilled lizard barely misses you. The kobold closely misses you.
The frilled lizard bites you.
The kobold hits you with a +0 short sword.
The frilled lizard bites you but does no damage.
The kobold hits you with a +0 short sword.
The frilled lizard closely misses you.
The kobold hits you with a +0 short sword.
The frilled lizard barely misses you.
The kobold hits you with a +0 short sword.
The frilled lizard bites you.
The kobold hits you with a +0 short sword.
The frilled lizard misses you.
The kobold hits you with a +0 short sword.
The frilled lizard closely misses you. The kobold hits you but does no damage.
The frilled lizard bites you but does no damage.
The kobold hits you but does no damage. The frilled lizard bites you.
The kobold barely misses you. The frilled lizard bites you.
The kobold hits you but does no damage. The frilled lizard closely misses you.
The kobold hits you but does no damage. The frilled lizard barely misses you.
The kobold hits you with a +0 short sword.
* * * LOW HITPOINT WARNING * * *
The frilled lizard closely misses you. The kobold hits you but does no damage.
The frilled lizard misses you. The kobold barely misses you.
The frilled lizard bites you but does no damage.
The kobold hits you with a +0 short sword.
* * * LOW HITPOINT WARNING * * *
The frilled lizard barely misses you. The kobold misses you.
The frilled lizard closely misses you.
The kobold hits you with a +0 short sword.
You die...

## .. ######### #.
#.......# #. #.......# #
#.## #.......# # #.#Kl#
#.......# .#.#.#.@#
#.......# ........#
####.......# #......$#
#..........#
#.......#####..........#
#>......†...............
#.......###############.
##......# ## ###.....
#.....


You could see a kobold and a frilled lizard.

Vanquished Creatures
  A worm (D:2)
  4 ball pythons (D:1)
  5 endoplasms
  2 giant cockroaches (D:1)
  A goblin (D:1)
  5 hobgoblins (D:1)
  A bat (D:2)
  A kobold (D:1)
  A rat (D:2)
21 creatures vanquished.

Notes
Turn   | Place    | Note
-------+----------+-------------------------------------------
     0 | D:1      | Persephone the Ghoul Berserker began the quest for the Orb.
     0 | D:1      | Reached XP level 1. HP: 19/19 MP: 0/0
   247 | D:1      | Reached XP level 2. HP: 10/26 MP: 1/1
  1182 | D:2      | Reached XP level 3. HP: 31/31 MP: 2/2
  1224 | D:2      | Reached skill level 1 in Maces & Flails
  1296 | D:2      | Slain by a kobold

Illustrated notes

Levels and vault maps discovered:
D:1:      co_arrival_random_square_maze, layout_loops_cross
D:2:      minmay_spotlight, layout_basic, chequers_ecumenical_altar_grove,
          minmay_misc_feat_rows

Skill      XL: |  1  2  3 |
---------------+----------+-----
Armour         | 2 |  2.2
Dodging        | 2 |  2.2
Maces & Flails | 1 |  1.0
Fighting       | |  3.6
Long Blades    | |  2.6

Action                   || total
-------------------------++-------
Melee: Whip              ||    87
       Punch             ||     1
  Use: Scroll            ||     3
Armor: Leather armour    ||    24
Dodge: Dodged            ||    84

Table legend: (Time is in decaauts)
 A = Elapsed time spent in this place.
 B = Non-inter-level travel time spent in this place.
 C = Inter-level travel time spent in this place.
 D = Time resting spent in this place.
 E = Time spent auto-exploring this place.
 F = Levels seen in this place.
 G = Mean time per level.
                   A        B        C        D        E       F      G
               +--------+--------+--------+--------+--------+-----+--------+
         Total |   1301 |   1210 |     91 |      0 |    992 |   2 |  650.5 |
       Dungeon |   1301 |   1210 |     91 |      0 |    992 |   2 |  650.5 |
               +--------+--------+--------+--------+--------+-----+--------+

Top non-repeatable levels by time:
     D:1: 1072 daAuts
     D:2: 228 daAuts
